Map: Cyber Forest LE

Players

Sartori - Winner!

  • Race: Protoss Protoss
  • League: Master
  • Spawn Location: 5:00

LuNe

  • Race: Terran Terran
  • League: Master
  • Spawn Location: 11:00

VOD

Have the link to the VOD?

Description

Time

  • Played on: June 27, 2019, 9:25 p.m.
  • Length: 12:00
Show
View Real Time Build Order
Export as new Build Order

Sartori Protoss - Winner!

Build Orders: 1 Gate Expand 

Get SALT Encoding   

  12  0:00  Probe  
  13  0:13  Probe  
  14  0:19  Pylon  
  14  0:25  Probe  
  15  0:33  Probe  
  15  0:39  Gateway  
  15  0:41  Probe  
  16  0:48  Assimilator  
  17  0:52  Probe  
  19  1:04  Probe  
  19  1:16  Probe  
  20  1:27  Nexus  
  20  1:36  Cybernetics Core  
  20  1:38  Probe  
  21  1:44  Assimilator  
  21  1:55  Pylon  
  21  1:56  Probe  
  22  2:03  Stalker  
  23  2:08  Probe  
  23  2:13  Warp Gate  
  25  2:20  Probe  
  26  2:32  Robotics Facility, Probe  
  26  2:35  Probe  
  28  2:44  Probe  
  28  2:46  Probe  
  30  2:55  Gateway  
  30  3:01  Probe  
  30  3:02  Gateway  
  31  3:11  Probe  
  32  3:13  Stalker  
  32  3:17  Shield Battery  
  34  3:20  Probe  
  34  3:26  Observer  
  36  3:30  Probe  
  36  3:31  Robotics Bay  
  37  3:44  Probe  
  38  3:49  Probe  
  39  3:59  Warp Prism  
  39  4:01  Probe  
  39  4:02  Probe  
  41  4:09  Pylon  
  43  4:11  Assimilator  
  43  4:12  Pylon  
  43  4:13  Probe  
  43  4:14  Probe  
  43  4:16  Assimilator  
  45  4:17  Gravitic Drive  
  45  4:24  Disruptor  
  45  4:26  Probe  
  45  4:27  Probe  
  45  4:28  Pylon  
  47  4:34  Stalker  
  47  4:35  Probe  
  47  4:36  Probe  
  53  4:43  Probe  
  53  4:44  Probe  
  54  4:47  Stalker  
  54  4:52  Probe  
  58  4:54  Observer, Probe  
  60  5:04  Probe  
  60  5:06  Probe  
  63  5:12  Stalker  
  65  5:17  Twilight Council, Probe  
  65  5:18  Probe  
  65  5:20  Nexus  
  67  5:24  Disruptor  
  70  5:36  Blink  
  70  5:41  Pylon  
  70  5:43  Pylon  
  70  5:46  Pylon x2  
  70  5:58  Disruptor  
  70  5:59  Probe x2  
  75  6:05  Sentry x2  
  75  6:11  Gateway, Probe  
  79  6:12  Gateway, Probe  
  80  6:24  Probe x2  
  82  6:28  Disruptor  
  82  6:29  Stalker x2  
  86  6:36  Probe x2  
  91  6:41  Pylon  
  91  6:48  Forge  
  91  6:49  Gateway  
  91  6:50  Gateway  
  91  6:59  Stalker x2  
  91  7:01  Probe x2  
  97  7:02  Assimilator  
  97  7:03  Assimilator  
  97  7:07  Disruptor  
  100  7:10  Protoss Ground Weapons Level 1  
  100  7:11  Stalker x2  
  100  7:13  Probe  
  105  7:16  Pylon  
  105  7:18  Resonating Glaives  
  105  7:20  Pylon  
  105  7:21  Pylon, Probe  
  105  7:22  Pylon, Probe  
  107  7:41  Gateway  
  107  7:45  Probe  
  107  7:50  Stalker x3  
  107  7:51  Stalker x3  
  120  7:55  Photon Cannon  
  120  8:00  Pylon  
  120  8:01  Probe x3  
  123  8:08  Pylon  
  123  8:16  Dark Shrine  
  123  8:17  Pylon  
  123  8:18  Adept x4  
  131  8:45  Adept x6  
  143  8:51  Charge  
  143  9:06  Pylon  
  143  9:12  Probe  
  144  9:20  Pylon  
  136  9:26  Nexus  
  136  9:28  Pylon  
  136  9:30  Pylon  
  136  9:35  Pylon x2  
  136  9:37  Pylon  
  123  9:57  Stalker x3  
  123  9:58  Stalker x3  
  127  10:18  Disruptor  
  130  10:27  Gateway  
  130  10:28  Gateway  
  130  10:31  Gateway x2  
  130  10:33  Gateway  
  130  10:34  Assimilator  
  128  10:36  Dark Templar x5  
  128  10:39  Assimilator  
  136  10:48  Gateway  
  136  10:53  Probe x2  
  138  10:57  Dark Templar  
  140  11:13  Dark Templar  
  142  11:43  Dark Templar x4  
  142  11:44  Dark Templar x5  
  161  11:56  Zealot x3  
Show
View Real Time Build Order
Export as new Build Order

LuNe Terran 

Build Orders:  

Get SALT Encoding   

  12  0:00  SCV  
  13  0:12  SCV  
  14  0:20  Supply Depot  
  14  0:24  SCV  
  15  0:41  SCV  
  16  0:46  Barracks  
  16  0:49  Refinery  
  16  0:55  SCV  
  17  1:14  SCV  
  18  1:26  SCV  
  19  1:47  Orbital Command  
  19  1:51  Command Center  
  19  2:15  SCV  
  20  2:20  Barracks Reactor  
  20  2:21  Factory  
  20  2:26  Supply Depot  
  20  2:27  SCV  
  20  2:28  Refinery  
  20  2:39  SCV  
  21  2:49  Bunker  
  21  2:51  SCV  
  22  3:00  Marine x2  
  22  3:04  SCV, Orbital Command  
  25  3:16  SCV  
  26  3:25  Marine x2  
  26  3:26  Factory Tech Lab  
  27  3:28  SCV  
  29  3:34  SCV  
  29  3:40  SCV  
  29  3:46  SCV, Marine x2  
  31  3:52  SCV  
  32  4:01  SCV  
  32  4:03  Cyclone  
  32  4:04  Marine  
  32  4:05  SCV  
  32  4:06  Starport  
  32  4:08  Marine  
  38  4:13  SCV  
  39  4:17  SCV  
  39  4:22  Marine  
  40  4:25  Marine  
  40  4:29  SCV  
  40  4:30  Barracks x2  
  42  4:33  SCV  
  43  4:41  SCV  
  44  4:48  SCV  
  44  4:50  Marine  
  44  4:51  Starport Tech Lab  
  46  4:53  Supply Depot  
  46  4:57  Refinery x2  
  46  5:02  Engineering Bay  
  46  5:08  Supply Depot  
  46  5:15  Raven, Barracks, Siege Tank, Marine, SCV x2  
  46  5:16  Barracks  
  54  5:29  Terran Infantry Weapons Level 1  
  54  5:30  SCV x2  
  53  5:42  SCV x2  
  55  5:54  SCV  
  56  6:03  SCV  
  54  6:07  Marine, Starport Reactor  
  54  6:08  Combat Shield  
  54  6:09  Marauder  
  54  6:10  Barracks Reactor  
  57  6:11  SCV, Barracks Tech Lab  
  57  6:16  Supply Depot  
  58  6:18  SCV  
  58  6:19  Supply Depot  
  58  6:20  Marine x2  
  58  6:21  Factory Tech Lab, Command Center  
  58  6:24  SCV  
  62  6:27  Supply Depot  
  62  6:28  Stimpack  
  62  6:29  Missile Turret  
  62  6:40  SCV  
  62  6:41  Marauder  
  62  6:42  SCV  
  66  6:52  SCV  
  66  6:54  SCV  
  68  6:58  Marine x2  
  68  6:59  Marauder x2, Siege Tank  
  68  7:00  Medivac  
  79  7:03  Marauder  
  79  7:04  SCV, Supply Depot  
  82  7:17  Marine x2  
  82  7:21  SCV x2  
  86  7:33  Refinery  
  86  7:36  Refinery  
  86  7:48  Marine x3  
  86  7:49  Marauder x2  
  86  7:50  Marauder  
  86  7:51  Orbital Command  
  82  8:08  Marine x2  
  82  8:09  Siege Tank, Medivac  
  82  8:10  Medivac  
  82  8:11  Marauder  
  93  8:13  SCV x2  
  93  8:15  Terran Infantry Armor Level 1  
  93  8:17  Engineering Bay, Marine x3, Armory  
  98  8:24  Marine  
  98  8:26  Marine  
  100  8:32  Marauder  
  100  8:34  Marine  
  103  8:35  Marine  
  103  8:36  Marauder  
  105  8:44  Marine x2  
  105  8:45  Marauder  
  109  8:50  Supply Depot  
  109  8:51  Supply Depot  
  109  8:52  Supply Depot  
  109  8:54  Medivac x2, SCV x3, Siege Tank  
  109  8:55  Supply Depot  
  105  9:05  Marine x2  
  105  9:06  Marauder  
  109  9:11  SCV x2  
  109  9:12  Marauder x2  
  109  9:14  Marine  
  116  9:20  Marine  
  117  9:25  Marine x2  
  117  9:27  Marauder  
  118  9:33  Marauder  
  90  10:01  Marine  
  90  10:02  Marauder, Marine x2  
  90  10:05  Marine  
  90  10:06  Marauder, Siege Tank  
  97  10:14  Marine  
  97  10:15  Medivac x2  
  97  10:18  SCV  
  97  10:19  SCV, Marine x3  
  107  10:23  Marine x2  
  107  10:26  Marine  
  110  10:32  Marine  
  110  10:37  Marine x2  
  110  10:38  Siege Tank  
  110  10:40  Marine x2  
  110  10:41  Marauder  
  118  10:45  Marauder  
  118  10:46  SCV x2  
  118  10:47  Medivac x2  
  126  10:50  Marauder  
  126  10:55  Marine x2  
  126  10:58  Marine x2  
  126  11:02  Marine  
  129  11:06  Marine  
  130  11:14  Marine x3  
  130  11:15  SCV x2  
  130  11:16  Marine x2  
  137  11:20  Marine  
Tags
 
Add a new tag
Caveats
  • Supply blocks, unpowered buildings, or Contaminate may cause inaccurate times.
  • Supply counts are checked every 10 seconds.